 Dungeon Crawl Stone Soup version 0.31-a0-4-gefa6de2278 (webtiles) character file.

Game seed: 15165412030034373526

3836 domi the Carver (level 10, -8/70 HPs)
             Began as a Barachi Fighter on May 4, 2023.
             Mangled by a troll (10 damage)
             ... on level 8 of the Dungeon.
             The game lasted 00:17:36 (11486 turns).

domi the Carver (Barachi Fighter)                  Turns: 11486, Time: 00:17:36

Health: -8/70      AC: 11    Str: 17    XL:     10   Next: 18%
Magic:  10/10      EV:  9    Int:  9    God:
Gold:   296        SH:  6    Dex: 16    Spells: 9/9 levels left

rFire   . . .        a - +1 long sword
rCold   . . .        c - +0 buckler
rNeg    . . .        i - +0 scale mail
rPois   .            A - +2 helmet
rElec   .            (no cloak)
rCorr   .            (no gloves)
SInv    +            (no boots)
Will    +....        (no amulet) Stlth
                     w - ring of willpower
HPRegen 0.31/turn    x - ring of see invisible {sInv}
MPRegen 0.12/turn

%: no passive effects
@: mighty, studying Long Blades, slow
A: amphibious, slowness 1, strong legs 1, +LOS
a: Hop


You were on level 8 of the Dungeon.
You visited 2 branches of the dungeon, and saw 9 of its levels.

You collected 296 gold pieces.

Inventory:

Hand Weapons
 a - a +1 long sword (weapon)
Armour
 c - a +0 buckler (worn)
 i - a +0 scale mail (worn)
   (You found it on level 6 of the Dungeon)
 A - a +2 helmet (worn)
   (You found it on level 3 of the Dungeon)
Jewellery
 j - a ring of protection from cold {rC+}
   (You took it off a gnoll bouda on level 6 of the Dungeon)
 w - a ring of willpower (left hand)
   (You found it on level 3 of the Dungeon)
 x - a ring of see invisible (right hand) {sInv}
   (You found it on level 3 of the Dungeon)
Wands
 v - a wand of digging (2)
   (You found it on level 7 of the Dungeon)
Scrolls
 b - a scroll of identify {@r1}
 h - 2 scrolls of silence {!r!r}
 n - a scroll of magic mapping {!r}
 p - 2 scrolls of immolation {!r!r}
 r - 2 scrolls of enchant weapon
Potions
 e - a potion of cancellation
 f - 2 potions of flight
 g - 2 potions of brilliance
 k - 3 potions of curing {@q1}
 m - 5 potions of attraction {!q}
 s - a potion of magic
 z - 2 potions of mutation {!q!q}


   Skills:
 - Level 3.6 Fighting
 * Level 13.7 Long Blades
 - Level 8.0 Armour
 + Level 9.0 Shields


You had 9 spell levels left.
You didn't know any spells.
Your spell library contained the following spells:

 Spells                   Type           Power      Damage    Failure   Level
 Apportation              Tloc           0%         N/A       80%         1
 Magic Dart               Conj           0%         1d3       80%         1
 Slow                     Hex            0%         N/A       80%         1
 Ensorcelled Hibernation  Hex/Ice        0%         N/A       91%         2
 Lesser Beckoning         Tloc           0%         N/A       91%         2
 Searing Ray              Conj           0%         2d4       91%         2
 Sublimation of Blood     Necr           0%         N/A       91%         2
 Wereblood                Tmut           0%         N/A       91%         2
 Confusing Touch          Hex            0%         N/A       99%         3
 Gell's Gravitas          Tloc           0%         N/A       99%         3
 Spider Form              Tmut/Pois      0%         N/A       99%         3
 Teleport Other           Tloc           0%         N/A       99%         3
 Vampiric Draining        Necr           0%         2d6       99%         3
 Anguish                  Hex/Necr       0%         N/A       100%        4
 Fulminant Prism          Conj/Hex       0%         3d5       100%        4
 Alistair's Intoxication  Tmut/Pois      0%         N/A       100%        5
 Summon Hydra             Summ           0%         N/A       100%        7


Dungeon Overview and Level Annotations

Branches:
Dungeon (8/15)             Temple (1/1) D:4
   Lair: D:8-11

Altars:
Ashenzari
Cheibriados
Dithmenos
Elyvilon
Fedhas
Gozag
Hepliaklqana
Kikubaaqudgha
Makhleb
Nemelex Xobeh
Okawaru
Qazlal
Ru
Sif Muna
Trog
Uskayaw
Xom
Yredelemnul
Zin
The Shining One

Shops:
D:6 (


Innate Abilities, Weirdness & Mutations

You are amphibious.
You cover ground slowly.
You can hop short distances.
You have an extended range of vision and can be seen from far away.


Message History

You now have 296 gold pieces (gained 8).
You open the door.
There is an open door here.
A wight and a killer bee come into view.
An orc warrior and an orc come into view.
The orc warrior shouts!
The orc shouts!
You hear a shout!
The orc warrior moves out of view.
A two-headed ogre comes into view.
It is wielding a +0 giant club and a +0 giant spiked club.
The two-headed ogre shouts in stereo!
The wight hits you with a +2 morningstar!
You hit the wight but do no damage. You completely miss the wight.
The wight barely misses you.
You barely miss the wight. The wight barely misses you.
You hit the wight but do no damage.
The wight hits you with a +2 morningstar.
You barely miss the wight.
A troll comes into view.
You block the wight's attack.
You fade into invisibility!
A sky beast comes into view.
The orc warrior unwields a +0 dire flail.
The orc warrior wields a +0 arbalest.
The orc warrior shoots a bolt.
The bolt misses the killer bee.
The bolt hits the wight!
The wight is destroyed!
The killer bee stings you but does no damage.
The killer bee closely misses you.
Things that are here:
a +2 morningstar; a +0 robe You miss the killer bee.
The killer bee closely misses you.
You catch the helpless killer bee completely off-guard!
You hit the killer bee. You block the killer bee's attack.
The killer bee barely misses you.
You miss the killer bee. The killer bee stings you.
The orc warrior shoots a bolt.
The bolt hits the two-headed ogre!
The killer bee closely misses you.
You barely miss the killer bee. The killer bee closely misses you. x2
You catch the helpless killer bee completely off-guard!
You slash the killer bee!
You kill the killer bee!
Your Long Blades skill increases to level 13!
You hit the orc warrior.
The orc warrior unwields a +0 arbalest.
The orc warrior wields a +0 dire flail.
The orc warrior barely misses you.
You closely miss the orc warrior. You hit the orc warrior.
You strike the helpless two-headed ogre from behind!
You hit the two-headed ogre.
You catch the helpless two-headed ogre completely off-guard!
You hit the two-headed ogre.
You strike the helpless two-headed ogre from behind!
You hit the two-headed ogre.
The orc warrior unwields a +0 dire flail.
The orc warrior wields a +0 arbalest.
The orc warrior shoots a bolt.
The bolt hits the two-headed ogre!
You slash the two-headed ogre!
The two-headed ogre hits you with a +0 giant club.
The two-headed ogre hits you with a +0 giant spiked club.
You strike the helpless two-headed ogre from behind!
You slash the two-headed ogre! You hit the two-headed ogre.
You kill the two-headed ogre!
You flicker for a moment.
You hit the orc warrior but do no damage.
The orc warrior unwields a +0 arbalest.
The orc warrior wields a +0 dire flail.
The orc warrior hits you but does no damage.
You completely miss the orc warrior. You hit the orc warrior.
The orc warrior hits you with a +0 dire flail!
You barely miss the orc warrior.
The orc warrior hits you with a +0 dire flail.
You catch the helpless orc warrior completely off-guard!
You slash the orc warrior!
The orc warrior hits you with a +0 dire flail.
You barely miss the orc warrior. You barely miss the orc warrior.
The orc warrior closely misses you.
A rakshasa comes into view.
It is wielding a +0 whip and wearing the +8 plate armour of the Queen of Swords {rC++}.
You hit the orc warrior but do no damage.
You flicker back into view.
The orc warrior hits you with a +0 dire flail!
You feel very mighty all of a sudden. The orc warrior closely misses you.
You hit the orc warrior. The orc warrior barely misses you.
You slash the orc warrior!
You kill the orc warrior!
Your Shields skill increases to level 9!
Unknown command.
You feel better.
A howler monkey comes into view.
The howler monkey howls!
You slash the troll! The troll bites you! You block the troll's attack.
The troll claws you but does no damage.
You slash the troll! The troll bites you. The troll claws you!
* * * LOW HITPOINT WARNING * * *
The troll claws you.
* * * LOW HITPOINT WARNING * * *
You slice the troll!! The troll bites you.
* * * LOW HITPOINT WARNING * * *
The troll claws you!
* * * LOW HITPOINT WARNING * * *
The troll claws you!
You die...

.........###'##......
##.................## .
+.................#. ...
#.................#.
.....#.................#.
.......................##
....###.###..##########
#.# ##.......... #@#
##......... #T#
########.. #Y# .R. .⌠.
#...# .#h#. .#.#. ..#.#..


You could see a rakshasa, a troll, a sky beast and a howler monkey.

Vanquished Creatures
  2 two-headed ogres
  4 ice beasts
  3 orc warriors
  A sky beast (D:6)
  2 black bears (D:6)
  An ogre (D:6)
  A phantom (D:6)
  A scorpion (D:4)
  4 bullfrogs (D:6)
  10 killer bees
  4 hounds
  2 jellies
  3 orc priests
  2 sleepcaps (D:6)
  3 gnoll boudas
  9 iguanas
  3 orc wizards
  Robin (D:3)
  10 adders
  13 gnolls
  2 shadow imps
  4 white imps
  An ufetubus (D:5)
  3 worms
  2 dart slugs
  27 orcs
  6 ball pythons
  7 endoplasms
  3 giant cockroaches
  15 goblins
  16 hobgoblins
  6 jackals
  4 quokkas
  5 bats
  4 frilled lizards
  6 kobolds
  7 rats
197 creatures vanquished.

Vanquished Creatures (others)
  A wight (D:8)
1 creature vanquished.

Grand Total: 198 creatures vanquished

Notes
Turn   | Place    | Note
-------+----------+-------------------------------------------
     0 | D:1      | domi the Barachi Fighter began the quest for the Orb.
     0 | D:1      | Reached XP level 1. HP: 18/18 MP: 1/1
   271 | D:1      | Reached XP level 2. HP: 23/24 MP: 2/2
   288 | D:1      | Reached skill level 3 in Long Blades
   437 | D:1      | Reached skill level 4 in Armour
   437 | D:1      | Reached XP level 3. HP: 23/29 MP: 3/3
   745 | D:2      | HP: 7/29 [poisoned by an adder]
  1255 | D:2      | Reached skill level 4 in Long Blades
  1255 | D:2      | Reached XP level 4. HP: 34/36 MP: 4/4
  1268 | D:2      | Found a sacrificial altar of Ru.
  1821 | D:3      | Noticed Robin
  1833 | D:3      | Reached skill level 4 in Shields
  2420 | D:3      | Found a faded altar of an unknown god.
  2492 | D:3      | Killed Robin
  2493 | D:3      | Reached XP level 5. HP: 41/41 MP: 5/5
  2972 | D:3      | Reached skill level 5 in Long Blades
  2985 | D:3      | HP: 8/41 [gnoll/+0 halberd (3)]
  2994 | D:3      | HP: 8/41 [gnoll/+0 halberd (3)]
  4068 | D:3      | Found a faded altar of an unknown god.
  4527 | D:4      | Reached skill level 5 in Armour
  4527 | D:4      | Reached XP level 6. HP: 24/47 MP: 6/6
  4635 | D:4      | Found a shimmering altar of Xom.
  4640 | D:4      | Found a staircase to the Ecumenical Temple.
  4660 | Temple   | Entered the Ecumenical Temple
  5193 | D:4      | Found a shimmering blue altar of Sif Muna.
  5238 | D:3      | Reached skill level 6 in Long Blades
  5527 | D:4      | Found a broken altar of Ashenzari.
  5529 | D:4      | Found a stormy altar of Qazlal.
  5587 | D:4      | Reached skill level 5 in Shields
  5956 | D:4      | Found an opulent altar of Gozag.
  5981 | D:4      | Identified the +1 robe of Odilobil {*Corrode rPois rN+++
                  | Regen+}
  6245 | D:5      | Entered Level 5 of the Dungeon
  6284 | D:5      | Reached XP level 7. HP: 32/52 MP: 7/7
  6290 | D:5      | HP: 11/52 [killer bee (6)]
  6303 | D:5      | Reached skill level 7 in Long Blades
  6394 | D:5      | Reached skill level 6 in Armour
  6959 | D:5      | Noticed a two-headed ogre
  6977 | D:5      | Killed a two-headed ogre
  6978 | D:5      | Reached skill level 9 in Long Blades
  6978 | D:5      | Reached skill level 7 in Armour
  6978 | D:5      | Reached skill level 6 in Shields
  6978 | D:5      | Reached XP level 8. HP: 29/59 MP: 8/8
  7979 | D:6      | Reached XP level 9. HP: 45/64 MP: 9/9
  8157 | D:6      | Reached skill level 7 in Shields
  8282 | D:6      | Found Jiosat's Weapon Boutique.
  8401 | D:6      | Reached skill level 10 in Long Blades
  8583 | D:6      | Reached skill level 8 in Armour
  8732 | D:6      | Reached skill level 11 in Long Blades
  8891 | D:6      | HP: 12/64 [disintegration (11)]
  8899 | D:6      | HP: 12/64 [disintegration (7)]
  8916 | D:6      | HP: 11/64 [disintegration (4)]
  9404 | D:6      | HP: 16/64 [orc warrior/+0 halberd (7)]
  9406 | D:6      | Reached skill level 8 in Shields
 10378 | D:7      | Found a white marble altar of Elyvilon.
 10407 | D:7      | Found an ancient bone altar of Kikubaaqudgha.
 10453 | D:7      | Identified a scroll of acquirement
 10453 | D:7      | Acquired a manual of Long Blades
 10454 | D:7      | HP: 11/64 [/a scroll of torment (9)]
 10772 | D:7      | Reached skill level 12 in Long Blades
 10845 | D:7      | Reached XP level 10. HP: 43/70 MP: 10/10
 11450 | D:8      | Noticed a two-headed ogre
 11463 | D:8      | Reached skill level 13 in Long Blades
 11471 | D:8      | Killed a two-headed ogre
 11478 | D:8      | Identified the +8 plate armour of the Queen of Swords
                  | {rC++}
 11478 | D:8      | Noticed a rakshasa
 11483 | D:8      | Reached skill level 9 in Shields
 11485 | D:8      | HP: 14/70 [troll (6)]
 11486 | D:8      | HP: 2/70 [troll (10)]
 11486 | D:8      | Mangled by a troll

Illustrated notes

Levels and vault maps discovered:
D:1:      dpeg_arrival_yet_another_circle, layout_rooms
D:2:      layout_basic, basic_altar
D:3:      layout_basic, hellmonk_ecumenical_altar_crossroads,
          minmay_misc_feat_doors, corexii_leaking_fountain, minmay_cupped,
          uniq_robin
D:4:      layout_loops_cross, nicolae_overflow_hidden_temple, xom_teletrap_fun,
          minmay_temple_entry_glass
D:5:      layout_basic, grunt_ministairs_1
D:6:      layout_loops_ring, serial_shops, nicolae_shop_bloodbath_and_beyond,
          minmay_alternating_orb
D:7:      cheibrodos_helix_gallery, layout_basic, mainiacjoe_overflow_two_lobes
D:8:      minmay_the_grid_octo_tiled_squarecenter
          [minmay_the_grid_octo_clover_2, minmay_the_grid_octo_teeth,
          minmay_the_grid_octo_empty, minmay_the_grid_octo_clover,
          minmay_the_grid_square_5x5_megaprize_open,
          minmay_the_grid_square_5x5_dogpile,
          minmay_the_grid_square_5x5_pentomino_r,
          minmay_the_grid_square_5x5_three_walls,
          minmay_the_grid_square_5x5_tie], layout_gridville
Temple:   minmay_temple_forest_path

Skill      XL: |  1  2  3  4  5  6  7  8  9 10 |
---------------+-------------------------------+-----
Long Blades    | 3 4 5 6 9 12 13 | 13.7
Armour         | 4 5 7 8 |  8.0
Shields        | 4 5 6 8 9 |  9.0
Fighting       | |  3.6

Action                     |  1- 3 |  4- 6 |  7- 9 | 10-12 || total
---------------------------+-------+-------+-------+-------++-------
  Melee: Long sword        |   124 |   259 |   437 |    47 ||   867
Ability: Hop               |       |     2 |     3 |       ||     5
    Use: Scroll            |       |     9 |     9 |     4 ||    22
         Potion            |       |     5 |     7 |     3 ||    15
   Stab: Invisible         |       |       |       |     7 ||     7
 Armour: Scale mail        |    78 |   115 |   167 |     8 ||   368
  Dodge: Dodged            |    62 |   139 |   143 |    15 ||   359
  Block: Buckler           |    23 |    70 |   136 |     9 ||   238

Table legend: (Time is in decaauts)
 A = Elapsed time spent in this place.
 B = Non-inter-level travel time spent in this place.
 C = Inter-level travel time spent in this place.
 D = Time resting spent in this place.
 E = Time spent auto-exploring this place.
 F = Levels seen in this place.
 G = Mean time per level.
                   A        B        C        D        E       F      G
               +--------+--------+--------+--------+--------+-----+--------+
         Total |  12872 |  12405 |    467 |   2659 |   7875 |   9 | 1430.2 |
       Dungeon |  12458 |  12030 |    428 |   2659 |   7516 |   8 | 1557.2 |
        Temple |    414 |    375 |     39 |      0 |    358 |   1 |  414.0 |
               +--------+--------+--------+--------+--------+-----+--------+

Top non-repeatable levels by time:
     D:3: 3051 daAuts
     D:6: 2548 daAuts
     D:5: 1748 daAuts
     D:2: 1563 daAuts
     D:4: 1374 daAuts
     D:7: 1322 daAuts
     D:1: 763 daAuts
  Temple: 414 daAuts
     D:8: 86 daAuts

Levels and vault maps discovered:
D:1:      dpeg_arrival_yet_another_circle, layout_rooms
D:2:      layout_basic, basic_altar
D:3:      layout_basic, hellmonk_ecumenical_altar_crossroads,
          minmay_misc_feat_doors, corexii_leaking_fountain, minmay_cupped,
          uniq_robin
D:4:      layout_loops_cross, nicolae_overflow_hidden_temple, xom_teletrap_fun,
          minmay_temple_entry_glass
D:5:      layout_basic, grunt_ministairs_1
D:6:      layout_loops_ring, serial_shops, nicolae_shop_bloodbath_and_beyond,
          minmay_alternating_orb
D:7:      cheibrodos_helix_gallery, layout_basic, mainiacjoe_overflow_two_lobes
D:8:      minmay_the_grid_octo_tiled_squarecenter
          [minmay_the_grid_octo_clover_2, minmay_the_grid_octo_teeth,
          minmay_the_grid_octo_empty, minmay_the_grid_octo_clover,
          minmay_the_grid_square_5x5_megaprize_open,
          minmay_the_grid_square_5x5_dogpile,
          minmay_the_grid_square_5x5_pentomino_r,
          minmay_the_grid_square_5x5_three_walls,
          minmay_the_grid_square_5x5_tie], layout_gridville
Temple:   minmay_temple_forest_path

Table legend: (Time is in decaauts)
 A = Elapsed time spent in this place.
 B = Non-inter-level travel time spent in this place.
 C = Inter-level travel time spent in this place.
 D = Time resting spent in this place.
 E = Time spent auto-exploring this place.
 F = Levels seen in this place.
 G = Mean time per level.
                   A        B        C        D        E       F      G
               +--------+--------+--------+--------+--------+-----+--------+
         Total |  12872 |  12405 |    467 |   2659 |   7875 |   9 | 1430.2 |
       Dungeon |  12458 |  12030 |    428 |   2659 |   7516 |   8 | 1557.2 |
        Temple |    414 |    375 |     39 |      0 |    358 |   1 |  414.0 |
               +--------+--------+--------+--------+--------+-----+--------+

Top non-repeatable levels by time:
     D:3: 3051 daAuts
     D:6: 2548 daAuts
     D:5: 1748 daAuts
     D:2: 1563 daAuts
     D:4: 1374 daAuts
     D:7: 1322 daAuts
     D:1: 763 daAuts
  Temple: 414 daAuts
     D:8: 86 daAuts

Table legend:
 A = Kills in this place as a percentage of kills in the entire game.
 B = Kills by you in this place as a percentage of kills by you in the entire game.
 C = Kills by friends in this place as a percentage of kills by friends in the entire game.
 D = Other kills in this place as a percentage of other kills in the entire game.
 E = Experience gained in this place as a percentage of experience gained in the entire game.
 F = Experience gained in this place divided by the number of levels of this place that you have seen.
                   A       B       C       D       E      F
               +-------+-------+-------+-------+-------+----------------------
         Total | 100.0 | 100.0 |   N/A |   N/A | 100.0 | 609.0
       Dungeon | 100.0 | 100.0 |   N/A |   N/A | 100.0 | 685.1
               +-------+-------+-------+-------+-------+----------------------
